 Dungeon Crawl Stone Soup version 0.27-a0-1334-g2746e35aca (webtiles) character file.

Game seed: 730046761405783964

355 lunkers the Ruffian (level 6, 0/50 HPs)
             Began as a Demigod Transmuter on June 27, 2021.
             Slain by a scorpion (5 damage)
             ... on level 4 of the Dungeon.
             The game lasted 00:04:56 (5241 turns).

lunkers the Ruffian (Demigod Transmuter)            Turns: 5241, Time: 00:04:57

Health: 0/50       AC:  3    Str: 19    XL:     6   Next: 13%
Magic:  0/11       EV: 12    Int: 15    God:
Gold:   153        SH:  0    Dex: 14    Spells: 2/8 levels left

rFire    . . .     SeeInvis .     - Unarmed
rCold    . . .     Faith    .   (no shield)
rNeg     . . .     Spirit   +   a - +0 robe
rPois    .         Reflect  .   (helmet currently unavailable)
rElec    .         Harm     .   h - +0 cloak
rCorr    .         Rampage  .   (no gloves)
Will     .....                  (boots currently unavailable)
Stlth    +.........             e - amulet of guardian spirit
HPRegen  0.16/turn              (no ring)
MPRegen  0.12/turn              (no ring)

@: lethally poisoned (0 -> -17), appendages, wereblooded, very slightly
contaminated
A: horns 2, talons 2, high mp 1, forlorn
a: End Transformation


You were on level 4 of the Dungeon.
You had temporarily grown beastly horns and talons.
You visited 1 branch of the dungeon, and saw 4 of its levels.

You collected 153 gold pieces.

Inventory:

Armour
 a - a +0 robe (worn)
 h - a +0 cloak (worn)
Jewellery
 e - an amulet of guardian spirit (around neck)
Wands
 g - a wand of acid (7)
Potions
 b - a potion of invisibility
 f - a potion of curing


   Skills:
 + Level 2.7 Fighting
 - Level 1.7 Dodging
 - Level 4.5 Unarmed Combat
 - Level 1.7 Spellcasting
 + Level 4.1 Transmutations


You had 2 spell levels left.
You knew the following spells:

 Your Spells              Type           Power      Damage    Failure   Level
b - Wereblood             Tmut           13%        N/A       6%          2
c - Spider Form           Tmut/Pois      3%         N/A       28%         3
p - Beastly Appendage     Tmut           26%        N/A       4%          1

Your spell library contained the following spells:

 Spells                   Type           Power      Damage    Failure   Level
 Ice Form                 Ice/Tmut       7%         N/A       67%         4


Dungeon Overview and Level Annotations

Branches:
Dungeon (4/15)
 Temple: D:4-7

Shops:
D:4 (


Innate Abilities, Weirdness & Mutations

You have temporarily grown beastly horns and talons.
Your attributes grow dramatically as you level up.
You have an increased reservoir of magic. (+10% MP)
You shall have no god before yourself.


Message History

You are poisoned.
The scorpion poisons you! The scorpion stings you!
* * * LOW HITPOINT WARNING * * *
Casting: Wereblood (safe; 6% risk of failure)
Confirm with . or Enter, or press ? or * to list all spells.
Your blood is infused with primal strength.
You feel sick. The scorpion completely misses you.
Unknown command.
Unknown command.
Okay, then.
Search for what [? for help]? weap You closely miss the scorpion.
Your headbutt misses the scorpion.
The scorpion is moderately wounded.
You feel sick. The scorpion stings you.
* * * LOW HITPOINT WARNING * * *
You are more poisoned.
The scorpion poisons you!
You hit the scorpion but do no damage. Your kick misses the scorpion.
The scorpion is moderately wounded.
* * * LOW HITPOINT WARNING * * *
You feel very sick. The scorpion stings you.
* * * LOW MAGIC WARNING * * *
* * * LOW HITPOINT WARNING * * *
You are more poisoned.
The scorpion poisons you!
You closely miss the scorpion.
The scorpion is moderately wounded.
* * * LOW HITPOINT WARNING * * *
You feel very sick.
The scorpion stings you but does no damage.
Unknown command.
Unknown command.
You hit the scorpion but do no damage. You claw the scorpion!
The scorpion is severely wounded.
* * * LOW HITPOINT WARNING * * *
You feel very sick. The scorpion stings you!
* * * LOW MAGIC WARNING * * *
You die...

#......#######
###....#
############ #....#
#........... #....#
#........... #....#
#........... #.#'##
#........... #.#.#
#...........
..#.####...........
####..@sgB).........
######...........
#...........
#...........
#.###....... #.#
....... ..# .......
.### .......


You could see a scorpion, a giant cockroach and a hobgoblin.

Vanquished Creatures
  Grinder (D:4)
  A crimson imp (D:3)
  3 adders
  A worm (D:3)
  2 dart slugs
  2 orcs (D:4)
  6 bats
  An endoplasm (D:2)
  3 giant cockroaches
  6 goblins
  7 hobgoblins
  4 jackals (D:4)
  7 quokkas
  6 ball pythons
  6 frilled lizards
  7 kobolds
  8 rats
71 creatures vanquished.

Notes
Turn   | Place    | Note
-------+----------+-------------------------------------------
     0 | D:1      | lunkers the Demigod Transmuter began the quest for the Orb.
     0 | D:1      | Reached XP level 1. HP: 15/15 MP: 5/5
   567 | D:1      | Noticed a shining eye
   567 | D:1      | Noticed a golden eye
   578 | D:1      | Reached XP level 2. HP: 4/22 MP: 7/7
   587 | D:1      | Learned a level 2 spell: Wereblood
   836 | D:1      | Noticed a golden eye
   846 | D:1      | Noticed a shining eye
  1991 | D:2      | Reached XP level 3. HP: 27/27 MP: 4/8
  3360 | D:3      | Reached XP level 4. HP: 26/34 MP: 5/9
  3469 | D:3      | Learned a level 3 spell: Spider Form
  4344 | D:4      | Found Newoucro's Antique Weapon Emporium.
  4758 | D:4      | Noticed Grinder
  4764 | D:4      | Paralysed by Grinder for 4 turns
  4774 | D:4      | Killed Grinder
  4775 | D:4      | Reached XP level 5. HP: 11/42 MP: 2/10
  4775 | D:4      | Reached XP level 6. HP: 14/50 MP: 2/11
  5241 | D:4      | Slain by a scorpion

Illustrated notes

Levels and vault maps discovered:
D:1:      dpeg_arrival_concentric_ovals, layout_basic,
          hellmonk_ecumenical_altar_watching_god, roderic_serpentine_path
D:2:      layout_basic
D:3:      layout_basic, grunt_temple_overflow_lords_of_destruction
D:4:      layout_basic, serial_shops, nicolae_shop_trees, uniq_grinder

Skill      XL: |  1  2  3  4 |
---------------+-------------+-----
Unarmed Combat | 3 4 |  4.5
Transmutations | 2 4 |  4.1
Fighting       | 2 |  2.7
Dodging        | |  1.7
Spellcasting   | |  1.7

Action                   |  1- 3 |  4- 6 || total
-------------------------+-------+-------++-------
Melee: Unarmed           |   122 |    54 ||   176
       Kick              |    20 |    10 ||    30
       Headbutt          |     9 |     5 ||    14
       Punch             |     2 |     1 ||     3
 Cast: Beastly Appendage |    31 |    13 ||    44
       Wereblood         |    26 |    10 ||    36
Evoke: Wand              |       |     4 ||     4
  Use: Scroll            |       |     4 ||     4
 Stab: Sleeping          |     1 |     1 ||     2
Armor: Robe              |    29 |     5 ||    34
Dodge: Dodged            |    74 |    23 ||    97

Table legend: (Time is in decaauts)
 A = Elapsed time spent in this place.
 B = Non-inter-level travel time spent in this place.
 C = Inter-level travel time spent in this place.
 D = Time resting spent in this place.
 E = Time spent auto-exploring this place.
 F = Levels seen in this place.
 G = Mean time per level.
                   A        B        C        D        E       F      G
               +--------+--------+--------+--------+--------+-----+--------+
         Total |   5227 |   5139 |     88 |      3 |   4648 |   4 | 1306.8 |
       Dungeon |   5227 |   5139 |     88 |      3 |   4648 |   4 | 1306.8 |
               +--------+--------+--------+--------+--------+-----+--------+

Top non-repeatable levels by time:
     D:1: 1557 daAuts
     D:2: 1438 daAuts
     D:3: 1188 daAuts
     D:4: 1043 daAuts
